 Dungeon Crawl Stone Soup version 0.30-a0-800-g7c544603b3 (webtiles) character file.

Game seed: 4919503311546594057

5462 testman the Trooper (level 11, 0/86 HPs)
             Began as a Human Wanderer on Feb 21, 2023.
             Was a Priest of Dithmenos.
             Slain by a yak (5 damage)
             ... while petrified by a basilisk
             ... on level 8 of the Dungeon on Feb 22, 2023.
             The game lasted 00:27:29 (7087 turns).

testman the Trooper (Human Wanderer)                Turns: 7087, Time: 00:27:29

Health: 0/86       AC: 10    Str: 16    XL:     11   Next: 0%
Magic:  11/11      EV:  2    Int:  9    God:    Dithmenos [***...]
Gold:   486        SH:  0    Dex: 17    Spells: 10/10 levels left

rFire   . . .      SeeInvis .    f - +1 short sword (venom)
rCold   . . .      Faith    .    (no shield)
rNeg    + + +      Spirit   .    s - +3 leather armour
rPois   ∞          Reflect  .    (no helmet)
rElec   .          Harm     .    F - scarf {+Inv}
rCorr   .          Rampage  .    A - +2 pair of gloves
Will    .....                    a - +0 pair of boots
Stlth   +++++                    D - amulet of regeneration
HPRegen 1.14/turn                t - ring of poison resistance
MPRegen 0.12/turn                w - ring of positive energy

@: lethally poisoned (0 -> 0), petrified, wreathed by umbra
A: no striking features
a: Renounce Religion, Evoke Invisibility, Shadow Step


You were on level 8 of the Dungeon.
You worshipped Dithmenos.
Dithmenos was most pleased with you.
You visited 1 branch of the dungeon, and saw 8 of its levels.

You collected 486 gold pieces.

Inventory:

Hand Weapons
 f - a +1 short sword of venom (weapon)
 B - a +2 dagger of speed
 I - a +2 sling of freezing
Missiles
 i - 5 throwing nets
 v - 8 poisoned darts
 C - 7 javelins
Armour
 a - a +0 pair of boots (worn)
 s - a +3 leather armour (worn)
 A - a +2 pair of gloves (worn)
 F - a scarf of invisibility (worn)
Jewellery
 t - a ring of poison resistance (left hand)
 u - a ring of magical power
 w - a ring of positive energy (right hand)
 z - a ring of resist corrosion
 D - an amulet of regeneration (around neck)
Wands
 o - a wand of quicksilver (7)
 H - a wand of flame (24)
Scrolls
 c - 2 scrolls of fog
 e - 2 scrolls of enchant weapon {unknown}
 k - 4 scrolls of teleportation {unknown}
 m - a scroll of torment {unknown}
 p - 10 scrolls of identify {unknown}
 r - 2 scrolls of noise {unknown}
 x - a scroll of immolation {unknown}
 y - a scroll of brand weapon {unknown}
 E - a scroll of blinking {unknown}
 J - a scroll of butterflies {unknown}
 K - a scroll of vulnerability {unknown}
Potions
 d - 3 potions of lignification
 g - a potion of brilliance {unknown}
 h - 2 potions of heal wounds
 j - 3 potions of attraction {unknown}
 l - 3 potions of curing
 n - 2 potions of ambrosia {unknown}
 q - a potion of cancellation {unknown}
 G - a potion of haste {unknown}
Miscellaneous
 b - a phial of floods (quivered)


   Skills:
 + Level 7.8 Fighting
 + Level 7.8 Short Blades
 - Level 2.2 Ranged Weapons
 - Level 2.0 Armour
 + Level 6.6 Dodging
 + Level 7.3 Stealth
 + Level 1.1 Invocations
 + Level 7.1 Evocations


You had 10 spell levels left.
You didn't know any spells.
Your spell library contained the following spells:

 Spells                   Type           Power      Damage    Failure   Level
 Cigotuvi's Dreadful Rot  Necr/Pois/Air  0%         N/A       58%         2
 Portal Projectile        Hex/Tloc       0%         N/A       83%         3
 Tukima's Dance           Hex            0%         N/A       83%         3
 Dispel Undead            Necr           0%         3d6       99%         4
 Blade Hands              Tmut           0%         N/A       100%        5
 Irradiate                Conj/Tmut      0%         3d11      100%        5
 Death Channel            Necr           0%         N/A       100%        6
 Dragon Form              Tmut           0%         N/A       100%        7


Dungeon Overview and Level Annotations

Branches:
Dungeon (8/15)             Temple (0/1) D:5
   Lair: D:8-11

Altars:
Dithmenos
Fedhas
Gozag
Nemelex Xobeh
Qazlal
Wu Jian
Yredelemnul

Shops:
D:2 =


Message History

The water moccasin bites you! Something hits you but does no damage.
The yak gores you. x2
The water moccasin bites you but does no damage.
The yak gores you but does no damage. Something hits you.
The water moccasin bites you.
The water moccasin completely misses you.
The basilisk barely misses you. The yak gores you! Something hits you.
The yak snorts and paws the ground.
The yak gores you. x2
The water moccasin bites you.
A water moccasin comes into view.
The basilisk gazes at you. Something hits you. The yak gores you.
The yak gores you but does no damage. x2
The water moccasin bites you.
The water moccasin bites you but does no damage.
The basilisk bites you but does no damage.
You hear some strange, mumbled words.
A puff of flame appears from out of thin air!
The puff of flame hits you but does no damage.
The yak gores you! The yak gores you. The yak gores you!
* * * LOW HITPOINT WARNING * * *
The water moccasin bites you but does no damage.
The basilisk bites you but does no damage.
Something hits you but does no damage. The yak gores you!
* * * LOW HITPOINT WARNING * * *
The yak gores you.
The water moccasin bites you but does no damage.
The basilisk gazes at you. You resist with some effort. The yak gores you!
* * * LOW HITPOINT WARNING * * *
Something hits you but does no damage. The yak gores you!
* * * LOW HITPOINT WARNING * * *
The yak gores you.
* * * LOW HITPOINT WARNING * * *
The yak gores you!
* * * LOW HITPOINT WARNING * * *
The water moccasin bites you.
* * * LOW HITPOINT WARNING * * *
The water moccasin bites you. The yak gores you!
You die...

......###(.........##..
.......#S..........# ##
.......†...........#
...##..##........###
.......#..............####
............#..........#..
........>.##...............
..........#....{Yl.........
...............S@Y...<.#..
...............YY.......###.# #.#
..............#.....#....#..# ...
#.⌠...)......###......#..........
......)).....###..#.####.........
....>.............#..#.#...#.....
#..............[..........##.....
#...⌠...##..............#..).....
#........#.....).[....###......#


You could see 4 yaks, a basilisk and 2 water moccasins.

Vanquished Creatures
  Pikel (D:7)
  Joseph (D:7)
  Maggie (D:7)
  Sigmund (D:2)
  2 wyverns
  6 yaks
  2 steam dragons
  Duvessa (D:7)
  A water moccasin (D:5)
  An ice beast (D:7)
  2 orc warriors (D:7)
  A black bear (D:6)
  2 sky beasts (D:7)
  2 centaurs
  A phantom (D:5)
  2 bullfrogs (D:7)
  3 scorpions
  2 necrophages
  A gnoll sergeant (D:8)
  5 wights (D:6)
  Dowan (D:7)
  5 orc priests
  A hound (D:5)
  3 jellies
  Jessica (D:2)
  Natasha (thrice) (D:2)
  4 iguanas
  8 orc wizards
  8 gnolls
  7 adders
  3 shadow imps
  2 white imps
  An ufetubus (D:7)
  5 dart slugs
  44 orcs
  8 endoplasms
  2 giant cockroaches
  10 goblins
  6 hobgoblins
  3 jackals (D:1)
  10 kobolds
  A quokka (D:5)
  7 ball pythons
  3 bats
  2 frilled lizards (D:2)
  4 rats
190 creatures vanquished.

Vanquished Creatures (others)
  2 fungi
  11 plants
13 creatures vanquished.

Grand Total: 203 creatures vanquished

Notes
Turn   | Place    | Note
-------+----------+-------------------------------------------
     0 | D:1      | testman the Human Wanderer began the quest for the Orb.
     0 | D:1      | testman set off with the following items: a +0 sling, a
                  | phial of floods, a scroll of fog, a potion of
                  | lignification, a +0 leather armour.
     0 | D:1      | Reached XP level 1. HP: 13/13 MP: 1/1
    59 | D:1      | Reached skill level 1 in Fighting
    59 | D:1      | Reached XP level 2. HP: 5/21 MP: 2/2
   144 | D:1      | Found a faded altar of an unknown god.
   245 | D:1      | Reached skill level 1 in Short Blades
   349 | D:1      | Reached XP level 3. HP: 23/26 MP: 3/3
   974 | D:2      | Noticed Jessica
   977 | D:2      | Killed Jessica
   978 | D:2      | Reached XP level 4. HP: 33/33 MP: 4/4
  1079 | D:2      | Noticed Sigmund
  1128 | D:2      | Noticed Natasha
  1130 | D:2      | Killed Sigmund
  1131 | D:2      | Reached XP level 5. HP: 35/42 MP: 5/5
  1131 | D:2      | Reached XP level 6. HP: 40/48 MP: 6/6
  1138 | D:2      | Killed Natasha
  1157 | D:2      | Noticed Natasha
  1169 | D:2      | Killed Natasha
  1272 | D:2      | Noticed Natasha
  1280 | D:2      | Killed Natasha
  1618 | D:2      | Found Rerhiank's Jewellery Shop.
  2157 | D:3      | Found a basalt altar of Yredelemnul.
  2252 | D:3      | Reached skill level 1 in Dodging
  2470 | D:4      | Reached XP level 7. HP: 43/54 MP: 7/7
  2752 | D:4      | Found an ornate altar of the Wu Jian Council.
  2986 | D:5      | Entered Level 5 of the Dungeon
  3021 | D:5      | Found a shadowy altar of Dithmenos.
  3028 | D:5      | Became a worshipper of Dithmenos the Shadowed
  3030 | D:5      | Noticed a water moccasin
  3055 | D:5      | Killed a water moccasin
  3081 | D:5      | Reached XP level 8. HP: 20/61 MP: 8/8
  3246 | D:5      | Reached skill level 5 in Fighting
  3402 | D:5      | Reached skill level 5 in Short Blades
  3737 | D:5      | Found a staircase to the Ecumenical Temple.
  4245 | D:6      | Reached * piety under Dithmenos
  4325 | D:6      | Reached XP level 9. HP: 66/69 MP: 9/9
  4550 | D:6      | Reached skill level 5 in Stealth
  5329 | D:6      | Found a blossoming altar of Fedhas.
  5611 | D:7      | Noticed Pikel
  5630 | D:7      | Killed Pikel
  5631 | D:7      | Reached skill level 5 in Dodging
  5829 | D:7      | Noticed Joseph
  5881 | D:7      | Killed Joseph
  5882 | D:7      | Reached XP level 10. HP: 48/77 MP: 10/10
  5936 | D:7      | Reached ** piety under Dithmenos
  5957 | D:7      | Noticed Maggie
  5957 | D:7      | Found an opulent altar of Gozag.
  6021 | D:7      | Killed Maggie
  6161 | D:7      | Noticed Duvessa
  6161 | D:7      | Noticed Dowan
  6180 | D:7      | Killed Dowan
  6184 | D:7      | Killed Duvessa
  6280 | D:7      | Found a stormy altar of Qazlal.
  6428 | D:7      | Found a sparkling altar of Nemelex Xobeh.
  6989 | D:8      | Reached *** piety under Dithmenos
  7073 | D:8      | Reached skill level 1 in Invocations
  7073 | D:8      | Reached XP level 11. HP: 53/86 MP: 11/11
  7086 | D:8      | HP: 4/86 [water moccasin (2)]
  7087 | D:8      | Slain by a yak

Illustrated notes

Levels and vault maps discovered:
D:1:      lightli_arrival_lavapool, layout_basic,
          shapermc_ecumenical_altar_acropolis
D:2:      layout_rooms, serial_shops, nicolae_shop_waterfront,
          minmay_diced_spiral, uniq_jessica, uniq_natasha, uniq_sigmund
D:3:      layout_rooms, mainiacjoe_overflow_surrounded_room,
          hangedman_decor_growths, kennysheep_nub, hangedman_decor_opposing,
          minmay_misc_feat_secret_circle
D:4:      minmay_spotlight, layout_rooms, overflow_temple_1_default
D:5:      layout_basic, mainiacjoe_overflow_alcove_1, lemuel_temple_firewalk_b
D:6:      layout_layer_cave, fedhas_bush_and_centaur_altar
D:7:      layout_rooms, grunt_temple_overflow_opulence,
          nicolae_overflow_hidden_temple, uniq_joseph, uniq_pikel, uniq_maggie,
          uniq_duvessa
D:8:      layout_cave_pools, mainiacjoe_overflow_alcove_2,
          minmay_lair_entry_grove, grunt_ministairs_1, uniq_prince_ribbit1,
          uniq_grum

Skill      XL: |  1  2  3  4  5  6  7  8  9 10 |
---------------+-------------------------------+-----
Fighting       | 1 2 3 4 5 6 7 |  7.8
Short Blades   | 1 2 3 4 5 6 7 |  7.8
Dodging        | 1 2 4 5 6 |  6.6
Stealth        | 3 4 6 7 |  7.3
Evocations     | 6 7 |  7.1
Invocations    | 1 |  1.1
Ranged Weapons | |  2.2
Armour         | |  2.0

Action                     |  1- 3 |  4- 6 |  7- 9 | 10-12 || total
---------------------------+-------+-------+-------+-------++-------
  Melee: Short sword       |    48 |   109 |   464 |   317 ||   938
         Punch             |       |     1 |    11 |     5 ||    17
         Dagger            |       |       |    78 |       ||    78
   Fire: Sling             |    11 |       |       |     2 ||    13
  Throw: Javelin           |       |       |     7 |     6 ||    13
         Dart              |       |       |     2 |       ||     2
         Throwing net      |       |       |       |     1 ||     1
  Evoke: Phial of floods   |       |     1 |     1 |       ||     2
    Use: Potion            |       |       |     2 |     1 ||     3
   Stab: Sleeping          |     4 |     2 |     6 |     2 ||    14
         Distracted        |       |     1 |       |       ||     1
 Armour: Leather armour    |    14 |    19 |   107 |    78 ||   218
  Dodge: Dodged            |    28 |    47 |   276 |   209 ||   560

Table legend: (Time is in decaauts)
 A = Elapsed time spent in this place.
 B = Non-inter-level travel time spent in this place.
 C = Inter-level travel time spent in this place.
 D = Time resting spent in this place.
 E = Time spent auto-exploring this place.
 F = Levels seen in this place.
 G = Mean time per level.
                   A        B        C        D        E       F      G
               +--------+--------+--------+--------+--------+-----+--------+
         Total |   6803 |   6551 |    252 |    270 |   4697 |   8 |  850.4 |
       Dungeon |   6803 |   6551 |    252 |    270 |   4697 |   8 |  850.4 |
               +--------+--------+--------+--------+--------+-----+--------+

Top non-repeatable levels by time:
     D:6: 1418 daAuts
     D:7: 1094 daAuts
     D:5: 1031 daAuts
     D:1: 978 daAuts
     D:2: 837 daAuts
     D:4: 612 daAuts
     D:3: 610 daAuts
     D:8: 220 daAuts
